| TOP OF THE 1ST |
|
Baltimore Orioles batting - Pitching for Miami Marlins : LHP Matt Payne
|
|
Pitching: LHP Matt Payne
|
|
|
Batting: RHB Blake Ballard
|
0-0: Ball 1-0: Ball 2-0: Ball 3-0: Called Strike 3-1: Base on Balls
|
|
Batting: RHB Marc Peckermark
|
0-0: Ball 1-0: Sac Bunt to 13 - play at first, batter OUT! 1-3 Blake Ballard to second
|
|
Batting: RHB Rudo Garciaparra
|
0-0: Foul Ball, location: 2F 0-1: Swinging Strike 0-2: Ball 1-2: Strikes out swinging
|
|
Batting: RHB Saimei Kudo
|
0-0: Ball 1-0: Ball 2-0: Ball Passed Ball! Blake Ballard to third 3-0: Foul Ball, location: 2F 3-1: Called Strike 3-2: Ground out 5-3 (Groundball, 56S, EV 80.6 MPH)
|
| Top of the 1st over - 0 runs, 0 hits, 0 errors, 1 left on base; Baltimore 0 - Miami 0 |
| BOTTOM OF THE 1ST |
|
Miami Marlins batting - Pitching for Baltimore Orioles : LHP Aldo Questi
|
|
Pitching: LHP Aldo Questi
|
|
|
Batting: RHB Roger Salazar
|
0-0: Ground out 1-3 (Groundball, 15S, EV 60.6 MPH)
|
|
Batting: RHB Mike Gar
|
0-0: Ball 1-0: Swinging Strike 1-1: Swinging Strike 1-2: SOLO HOME RUN (Flyball, 7D, EV 102.5 MPH), Distance : 382 ft
|
|
Batting: LHB Andre Gorter
|
0-0: Ball 1-0: Ball 2-0: Swinging Strike 2-1: Ground out 4-3 (Groundball, 4, EV 103.8 MPH)
|
|
Batting: RHB Jimmy Groseclose
|
0-0: Ball 1-0: SINGLE (Line Drive, 56D, EV 106.9 MPH)
|
|
Batting: RHB Bert Clark
|
0-0: Ball 1-0: Ball 2-0: Fielders Choice at 2nd, 5-4 (Groundball, 56, EV 104.4 MPH)
|
| Bottom of the 1st over - 1 run, 2 hits, 0 errors, 1 left on base; Baltimore 0 - Miami 1 |
| TOP OF THE 2ND |
|
Baltimore Orioles batting - Pitching for Miami Marlins : LHP Matt Payne
|
|
Batting: RHB Muneer Maudad
|
0-0: Foul Ball, location: 2F 0-1: Foul Ball, location: 2F 0-2: Ball 1-2: Strikes out looking
|
|
Batting: RHB Kory Sanchez
|
0-0: Swinging Strike 0-1: Foul Ball, location: 2F 0-2: Ball 1-2: Strikes out swinging, 2-3 out at first.
|
|
Batting: RHB Mike Hayward
|
0-0: Ball 1-0: Foul Ball, location: 2F 1-1: Called Strike 1-2: Strikes out swinging
|
| Top of the 2nd over - 0 runs, 0 hits, 0 errors, 0 left on base; Baltimore 0 - Miami 1 |
| BOTTOM OF THE 2ND |
|
Miami Marlins batting - Pitching for Baltimore Orioles : LHP Aldo Questi
|
|
Batting: RHB Alberto Cotto
|
0-0: Ball 1-0: Foul Ball, location: 2F 1-1: Fly out, F9 (Flyball, 89D, EV 91.9 MPH)
|
|
Batting: RHB Justin Huff
|
0-0: Ball 1-0: Called Strike 1-1: Fly out, F3 (Popup, 3L, EV 74.4 MPH)
|
|
Batting: SHB Ramon Martinez
|
0-0: Ball 1-0: SINGLE (Groundball, 56S, EV 65.6 MPH) (infield hit)
|
|
Batting: RHB Mark Barger
|
0-0: Called Strike 0-1: Ball 1-1: Ball 2-1: Ball 3-1: Ground out U3 (Groundball, 3S, EV 90.6 MPH)
|
| Bottom of the 2nd over - 0 runs, 1 hit, 0 errors, 1 left on base; Baltimore 0 - Miami 1 |
| TOP OF THE 3RD |
|
Baltimore Orioles batting - Pitching for Miami Marlins : LHP Matt Payne
|
|
Batting: RHB Andres Leon
|
0-0: Called Strike 0-1: Ball 1-1: Foul Ball, location: 2F 1-2: Foul Ball, location: 2F 1-2: Strikes out swinging
|
|
Batting: RHB John Loving
|
0-0: Ball 1-0: Foul Ball, location: 2F 1-1: Ball 2-1: Ball 3-1: Base on Balls
|
|
Batting: RHB Blake Ballard
|
0-0: Foul Ball, location: 2F 0-1: Swinging Strike 0-2: Strikes out looking
|
|
Batting: RHB Marc Peckermark
|
0-0: Ball 1-0: Ground out 4-3 (Groundball, 4, EV 88.1 MPH)
|
| Top of the 3rd over - 0 runs, 0 hits, 0 errors, 1 left on base; Baltimore 0 - Miami 1 |
| BOTTOM OF THE 3RD |
|
Miami Marlins batting - Pitching for Baltimore Orioles : LHP Aldo Questi
|
|
Batting: RHB Roger Salazar
|
0-0: Called Strike 0-1: Swinging Strike 0-2: Strikes out swinging
|
|
Batting: RHB Mike Gar
|
0-0: Ball 1-0: SOLO HOME RUN (Flyball, 7D, EV 97.5 MPH), Distance : 373 ft
|
|
Batting: LHB Andre Gorter
|
0-0: Foul Ball, location: 2F 0-1: Ball 1-1: Ball 2-1: Ball 3-1: Foul Ball, location: 2F 3-2: Base on Balls
|
|
Batting: RHB Jimmy Groseclose
|
0-0: Ball 1-0: Ball 2-0: Foul Ball, location: 2F 2-1: Ball 3-1: Called Strike 3-2: Foul Ball, location: 2F 3-2: Strikes out looking Andre Gorter is caught stealing 2nd base 2-4 Batter strikes out.
|
| Bottom of the 3rd over - 1 run, 1 hit, 0 errors, 0 left on base; Baltimore 0 - Miami 2 |
| TOP OF THE 4TH |
|
Baltimore Orioles batting - Pitching for Miami Marlins : LHP Matt Payne
|
|
Batting: RHB Rudo Garciaparra
|
0-0: Ball 1-0: Ball 2-0: Ball 3-0: Called Strike 3-1: Swinging Strike 3-2: Strikes out swinging
|
|
Batting: RHB Saimei Kudo
|
0-0: Ball 1-0: Called Strike 1-1: Fly out, F4 (Line Drive, 4, EV 74.4 MPH)
|
|
Batting: RHB Muneer Maudad
|
0-0: Swinging Strike 0-1: Swinging Strike 0-2: Foul Ball, location: 2F 0-2: Ball 1-2: Strikes out looking
|
| Top of the 4th over - 0 runs, 0 hits, 0 errors, 0 left on base; Baltimore 0 - Miami 2 |
| BOTTOM OF THE 4TH |
|
Miami Marlins batting - Pitching for Baltimore Orioles : LHP Aldo Questi
|
|
Batting: RHB Bert Clark
|
0-0: Foul Ball, location: 2F 0-1: Called Strike 0-2: Strikes out swinging
|
|
Batting: RHB Alberto Cotto
|
0-0: Ball 1-0: Ball 2-0: DOUBLE (Flyball, 78XD, EV 103.1 MPH)
|
|
Batting: RHB Justin Huff
|
0-0: Ball Alberto Cotto steals 3rd base 1-0: Called Strike 1-1: Ball 2-1: Ball Steal of home, Alberto Cotto is out 3-1: Fly out, F5 (Popup, 25, EV 90.6 MPH)
|
| Bottom of the 4th over - 0 runs, 1 hit, 0 errors, 0 left on base; Baltimore 0 - Miami 2 |
| TOP OF THE 5TH |
|
Baltimore Orioles batting - Pitching for Miami Marlins : LHP Matt Payne
|
|
Batting: RHB Kory Sanchez
|
0-0: Called Strike 0-1: Ball 1-1: Fly out, F3 (Popup, 34, EV 73.1 MPH)
|
|
Batting: RHB Mike Hayward
|
0-0: Foul Ball, location: 2F 0-1: Swinging Strike 0-2: Strikes out swinging
|
|
Batting: RHB Andres Leon
|
0-0: Swinging Strike 0-1: Ball 1-1: Ground out 6-3 (Groundball, 6, EV 85.6 MPH)
|
| Top of the 5th over - 0 runs, 0 hits, 0 errors, 0 left on base; Baltimore 0 - Miami 2 |
| BOTTOM OF THE 5TH |
|
Miami Marlins batting - Pitching for Baltimore Orioles : LHP Aldo Questi
|
|
Batting: SHB Ramon Martinez
|
0-0: Ball 1-0: Ball 2-0: Ball 3-0: Base on Balls
|
|
Batting: RHB Mark Barger
|
0-0: Called Strike 0-1: Grounds into double play, 6-4-3 (Groundball, 6, EV 103.8 MPH)
|
|
Batting: RHB Roger Salazar
|
0-0: SINGLE (Groundball, 6MD, EV 96.9 MPH)
|
|
Batting: RHB Mike Gar
|
0-0: SINGLE (Groundball, 4MS, EV 66.2 MPH) (infield hit) Roger Salazar to second
|
|
Batting: LHB Andre Gorter
|
0-0: Ball 1-0: Foul Ball, location: 2F 1-1: Foul Ball, location: 2F 1-2: Strikes out swinging
|
| Bottom of the 5th over - 0 runs, 2 hits, 0 errors, 2 left on base; Baltimore 0 - Miami 2 |
| TOP OF THE 6TH |
|
Baltimore Orioles batting - Pitching for Miami Marlins : LHP Matt Payne
|
|
Batting: RHB John Loving
|
0-0: Ball 1-0: Ball 2-0: Called Strike 2-1: Called Strike 2-2: Ball 3-2: TRIPLE (Flyball, 78XD, EV 90.6 MPH)
|
|
Batting: RHB Blake Ballard
|
0-0: Ball 1-0: Ball 2-0: Ball 3-0: Base on Balls
|
|
Batting: RHB Marc Peckermark
|
0-0: Ball 1-0: Called Strike 1-1: Called Strike 1-2: Ball 2-2: Ball 3-2: SINGLE (Groundball, 4MD, EV 111.2 MPH) John Loving scores Blake Ballard to second Runner from 2nd tries for 3rd, OUT! 8-5 Marc Peckermark to second
|
|
Batting: RHB Rudo Garciaparra
|
0-0: Called Strike 0-1: Ground out 5-3 (Groundball, 5, EV 106.9 MPH)
|
|
Batting: RHB Saimei Kudo
|
0-0: Called Strike 0-1: Ball 1-1: Ball 2-1: Swinging Strike 2-2: Ball 3-2: Base on Balls
|
|
Batting: RHB Muneer Maudad
|
0-0: Ball 1-0: Called Strike 1-1: Called Strike 1-2: Ball 2-2: Ball 3-2: Ground out 4-3 (Groundball, 6M, EV 98.8 MPH)
|
| Top of the 6th over - 1 run, 2 hits, 0 errors, 2 left on base; Baltimore 1 - Miami 2 |
| BOTTOM OF THE 6TH |
|
Miami Marlins batting - Pitching for Baltimore Orioles : LHP Aldo Questi
|
|
Batting: RHB Jimmy Groseclose
|
0-0: Ball 1-0: Ball 2-0: Foul Ball, location: 2F 2-1: Ball 3-1: Base on Balls
|
|
Batting: RHB Bert Clark
|
0-0: Foul Ball, location: 2F 0-1: Ball 1-1: Ball 2-1: SINGLE (Groundball, 6MD, EV 108.1 MPH) Jimmy Groseclose to second
|
|
Batting: RHB Alberto Cotto
|
0-0: Ball 1-0: Ball 2-0: Called Strike 2-1: Ball 3-1: Base on Balls Jimmy Groseclose to third Bert Clark to second
|
|
Batting: RHB Justin Huff
|
0-0: Ball 1-0: Foul Ball, location: 2F 1-1: Foul Ball, location: 2F 1-2: Strikes out looking
|
|
Batting: SHB Ramon Martinez
|
0-0: Called Strike 0-1: Fly out, F6 (Popup, 6D, EV 72.5 MPH)
|
|
Batting: RHB Mark Barger
|
0-0: Ball 1-0: Called Strike 1-1: Swinging Strike 1-2: Ball 2-2: Strikes out swinging
|
| Bottom of the 6th over - 0 runs, 1 hit, 0 errors, 3 left on base; Baltimore 1 - Miami 2 |
| TOP OF THE 7TH |
|
Baltimore Orioles batting - Pitching for Miami Marlins : LHP Matt Payne
|
|
Batting: RHB Kory Sanchez
|
0-0: Foul Ball, location: 2F 0-1: SINGLE (Groundball, 6MD, EV 98.1 MPH)
|
|
Batting: RHB Mike Hayward
|
0-0: Ball 1-0: SINGLE (Groundball, 6MD, EV 110.6 MPH) Kory Sanchez to second Runner from 2nd tries for 3rd, SAFE, throw by CF made at trailing runner, OUT! 8-4
|
|
Pitching: RHP Chris Nickerson
|
|
|
Pinch Hitting: LHB Jesus Lozano
|
0-0: Ball 1-0: Ball 2-0: Called Strike 2-1: Foul Ball, location: 2F 2-2: Foul Ball, location: 2F 2-2: Foul Ball, location: 2F 2-2: Ball 3-2: Base on Balls
|
|
Pinch Hitting: LHB Gabe Pace
|
0-0: Ball Jesus Lozano is caught stealing 2nd base 2-6 1-0: SINGLE (Flyball, 4D, EV 85.6 MPH) Kory Sanchez scores
|
|
Batting: RHB Blake Ballard
|
0-0: Ball 1-0: Foul Ball, location: 2F 1-1: Ball 2-1: Ball 3-1: Fly out, F9 (Flyball, 9, EV 91.9 MPH)
|
| Top of the 7th over - 1 run, 3 hits, 0 errors, 1 left on base; Baltimore 2 - Miami 2 |
| BOTTOM OF THE 7TH |
|
Miami Marlins batting - Pitching for Baltimore Orioles : LHP Aldo Questi
|
|
Now at 2B: Jesus Lozano
|
|
|
Now at 3B: Saimei Kudo
|
|
|
Now at SS: Jesse Basich
|
|
|
Batting: RHB Roger Salazar
|
0-0: Ball 1-0: Ball 2-0: Foul Ball, location: 2F 2-1: Ball 3-1: Called Strike 3-2: Base on Balls
|
|
Batting: RHB Mike Gar
|
0-0: Ball 1-0: Ball 2-0: Ball 3-0: Base on Balls Roger Salazar to second
|
|
Pitching: RHP Chris Dauphin
|
|
|
Batting: LHB Andre Gorter
|
0-0: Ball 1-0: Ball 2-0: Fly out, F8 (Flyball, 8RXD, EV 106.9 MPH) Runner from 2nd tags up, SAFE at 3rd, no throw by CF
|
|
Batting: RHB Jimmy Groseclose
|
0-0: Ball 1-0: Foul Ball, location: 2F 1-1: Ball 2-1: Swinging Strike 2-2: Foul Ball, location: 2F 2-2: Strikes out swinging
|
|
Batting: LHB Eric Bailey
|
0-0: Ball 1-0: Called Strike 1-1: Foul Ball, location: 2F 1-2: Ball 2-2: Ball 3-2: Foul Ball, location: 2F 3-2: Fly out, F7 (Flyball, 78S, EV 71.9 MPH)
|
| Bottom of the 7th over - 0 runs, 0 hits, 0 errors, 2 left on base; Baltimore 2 - Miami 2 |
| TOP OF THE 8TH |
|
Baltimore Orioles batting - Pitching for Miami Marlins : RHP Chris Nickerson
|
|
Pitching: RHP Tim Poist
|
|
|
Batting: RHB Marc Peckermark
|
0-0: Ground out 3-1 (Groundball, 34, EV 106.9 MPH)
|
|
Batting: RHB Rudo Garciaparra
|
0-0: Foul Ball, location: 2F 0-1: Ball 1-1: Ball 2-1: Ball 3-1: Base on Balls
|
|
Batting: RHB Saimei Kudo
|
0-0: Foul Ball, location: 2F 0-1: Grounds into double play, 6-4-3 (Groundball, 6, EV 85.0 MPH)
|
| Top of the 8th over - 0 runs, 0 hits, 0 errors, 0 left on base; Baltimore 2 - Miami 2 |
| BOTTOM OF THE 8TH |
|
Miami Marlins batting - Pitching for Baltimore Orioles : RHP Chris Dauphin
|
|
Pitching: RHP Terry Huffmaster
|
|
|
Batting: RHB Alberto Cotto
|
0-0: Ball 1-0: Fly out, F8 (Line Drive, 8RM, EV 96.9 MPH)
|
|
Batting: RHB Justin Huff
|
0-0: Called Strike 0-1: Ball 1-1: Ball 2-1: Foul Ball, location: 2F 2-2: DOUBLE (Flyball, 89XD, EV 96.9 MPH)
|
|
Batting: SHB Ramon Martinez
|
0-0: Intentional Walk
|
|
Batting: RHB Mark Barger
|
0-0: Ball 1-0: Called Strike 1-1: Ball 2-1: Sac Bunt to 23 - play at third, runner OUT! 3-5 Ramon Martinez to second
|
|
Batting: RHB Roger Salazar
|
0-0: Ball 1-0: Foul Ball, location: 2F 1-1: Ball 2-1: Ground out 3-1 (Groundball, 34, EV 108.1 MPH)
|
| Bottom of the 8th over - 0 runs, 1 hit, 0 errors, 2 left on base; Baltimore 2 - Miami 2 |
| TOP OF THE 9TH |
|
Baltimore Orioles batting - Pitching for Miami Marlins : RHP Tim Poist
|
|
Batting: RHB Muneer Maudad
|
0-0: Ball 1-0: Ball 2-0: Foul Ball, location: 2F 2-1: Called Strike 2-2: Ball 3-2: Strikes out looking
|
|
Pinch Hitting: SHB Robert Handy
|
0-0: Called Strike 0-1: Swinging Strike 0-2: Strikes out swinging
|
|
Batting: RHB Mike Hayward
|
0-0: Called Strike 0-1: Ball 1-1: Ball 2-1: SINGLE (Flyball, 3D, EV 91.2 MPH)
|
|
Batting: LHB Jesus Lozano
|
0-0: Ball 1-0: Ball 2-0: Foul Ball, location: 2F 2-1: Foul Ball, location: 2F 2-2: Strikes out looking
|
| Top of the 9th over - 0 runs, 1 hit, 0 errors, 1 left on base; Baltimore 2 - Miami 2 |
| BOTTOM OF THE 9TH |
|
Miami Marlins batting - Pitching for Baltimore Orioles : RHP Terry Huffmaster
|
|
Pitching: RHP Bobby Marble
|
|
|
Now at C: Robert Handy
|
|
|
Batting: RHB Mike Gar
|
0-0: SINGLE (Groundball, 56D, EV 101.2 MPH)
|
|
Batting: LHB Andre Gorter
|
0-0: Called Strike Mike Gar steals 2nd base 0-1: Swinging Strike 0-2: Strikes out looking
|
|
Batting: RHB Jimmy Groseclose
|
0-0: Fly out, F7 (Line Drive, 78D, EV 92.5 MPH)
|
|
Batting: LHB Eric Bailey
|
0-0: Called Strike 0-1: Swinging Strike 0-2: Ball 1-2: Ball 2-2: Foul Ball, location: 2F 2-2: Ball 3-2: Base on Balls
|
|
Batting: RHB Alberto Cotto
|
0-0: Ball 1-0: Called Strike 1-1: Swinging Strike 1-2: Ball 2-2: Foul Ball, location: 2F 2-2: Foul Ball, location: 2F 2-2: Foul Ball, location: 2F 2-2: Ball 3-2: Fly out, F9 (Flyball, 9S, EV 95.0 MPH)
|
| Bottom of the 9th over - 0 runs, 1 hit, 0 errors, 2 left on base; Baltimore 2 - Miami 2 |
| TOP OF THE 10TH |
|
Baltimore Orioles batting - Pitching for Miami Marlins : RHP Tim Poist
|
|
Batting: RHB Jesse Basich
|
0-0: Ball 1-0: Ball 2-0: Ball 3-0: Called Strike 3-1: Base on Balls
|
|
Batting: RHB Blake Ballard
|
0-0: Sac Bunt to 2R - play at first, batter OUT! 2-3 Jesse Basich to second
|
|
Batting: RHB Marc Peckermark
|
0-0: Swinging Strike 0-1: Swinging Strike 0-2: Ball 1-2: Strikes out swinging
|
|
Pitching: RHP Ray Duncan
|
|
|
Batting: RHB Rudo Garciaparra
|
0-0: Ball 1-0: Called Strike 1-1: Ball 2-1: Called Strike 2-2: Ball Wild Pitch! Jesse Basich to third 3-2: Strikes out looking
|
| Top of the 10th over - 0 runs, 0 hits, 0 errors, 1 left on base; Baltimore 2 - Miami 2 |
| BOTTOM OF THE 10TH |
|
Miami Marlins batting - Pitching for Baltimore Orioles : RHP Bobby Marble
|
|
Pitching: RHP Riso Profanter
|
|
|
Batting: RHB Justin Huff
|
0-0: Called Strike 0-1: Ball 1-1: Foul Ball, location: 2F 1-2: Foul Ball, location: 2F 1-2: Fly out, F8 (Flyball, 8RD, EV 98.1 MPH)
|
|
Batting: SHB Ramon Martinez
|
0-0: Foul Ball, location: 2F 0-1: Ball 1-1: Called Strike 1-2: Ball 2-2: Ball 3-2: Foul Ball, location: 2F 3-2: Foul Ball, location: 2F 3-2: Fly out, F7 (Flyball, 78M, EV 90.6 MPH)
|
|
Batting: RHB Mark Barger
|
0-0: Called Strike 0-1: Ball 1-1: Ball 2-1: Ground out 6-3 (Groundball, 6, EV 93.8 MPH)
|
| Bottom of the 10th over - 0 runs, 0 hits, 0 errors, 0 left on base; Baltimore 2 - Miami 2 |
| TOP OF THE 11TH |
|
Baltimore Orioles batting - Pitching for Miami Marlins : RHP Ray Duncan
|
|
Batting: RHB Saimei Kudo
|
0-0: Ball 1-0: Called Strike 1-1: Foul Ball, location: 2F 1-2: Ground out 5-3 (Groundball, 5, EV 88.1 MPH)
|
|
Batting: RHB Muneer Maudad
|
0-0: Ball 1-0: Swinging Strike 1-1: Swinging Strike 1-2: Fly out, F4 (Popup, 6M, EV 62.5 MPH)
|
|
Batting: SHB Robert Handy
|
0-0: Called Strike 0-1: Foul Ball, location: 2F 0-2: Ball 1-2: Fly out, F9 (Flyball, 89M, EV 90.0 MPH)
|
| Top of the 11th over - 0 runs, 0 hits, 0 errors, 0 left on base; Baltimore 2 - Miami 2 |
| BOTTOM OF THE 11TH |
|
Miami Marlins batting - Pitching for Baltimore Orioles : RHP Riso Profanter
|
|
Batting: RHB Roger Salazar
|
0-0: Ball 1-0: Swinging Strike 1-1: Swinging Strike 1-2: Fly out, F9 (Line Drive, 9S, EV 98.1 MPH)
|
|
Batting: RHB Mike Gar
|
0-0: Ball 1-0: Called Strike 1-1: Called Strike 1-2: Ball 2-2: Ball 3-2: Ground out 6-3 (Groundball, 6, EV 81.9 MPH)
|
|
Batting: LHB Andre Gorter
|
0-0: Called Strike 0-1: Ground out U3 (Groundball, 34S, EV 77.5 MPH)
|
| Bottom of the 11th over - 0 runs, 0 hits, 0 errors, 0 left on base; Baltimore 2 - Miami 2 |
| TOP OF THE 12TH |
|
Baltimore Orioles batting - Pitching for Miami Marlins : RHP Ray Duncan
|
|
Batting: RHB Mike Hayward
|
0-0: SINGLE (Groundball, 56, EV 97.5 MPH)
|
|
Batting: LHB Jesus Lozano
|
0-0: Sac Bunt to 5S - play at second, runner OUT! 5-6
|
|
Batting: RHB Jesse Basich
|
0-0: Ball 1-0: DOUBLE (Groundball, 5L, EV 101.9 MPH) Jesus Lozano to third
|
|
Batting: RHB Blake Ballard
|
0-0: Called Strike 0-1: Ball 1-1: Ball 2-1: Called Strike 2-2: Ball 3-2: Foul Ball, location: 2F 3-2: Strikes out looking
|
|
Batting: RHB Marc Peckermark
|
0-0: Swinging Strike 0-1: Foul Ball, location: 2F 0-2: Ball 1-2: Strikes out swinging
|
| Top of the 12th over - 0 runs, 2 hits, 0 errors, 2 left on base; Baltimore 2 - Miami 2 |
| BOTTOM OF THE 12TH |
|
Miami Marlins batting - Pitching for Baltimore Orioles : RHP Riso Profanter
|
|
Pitching: LHP Jamie Tanner
|
|
|
Batting: RHB Jimmy Groseclose
|
0-0: Ball 1-0: DOUBLE (Line Drive, 9LM, EV 106.2 MPH)
|
|
Batting: RHB Alex Munoz
|
0-0: Foul Ball, location: 2F 0-1: Ball 1-1: Ball 2-1: Ball 3-1: Ground out 4-3 (Groundball, 4S, EV 83.8 MPH) Jimmy Groseclose to third
|
|
Batting: RHB Alberto Cotto
|
0-0: Ball 1-0: Called Strike 1-1: Called Strike 1-2: Strikes out swinging
|
|
Batting: RHB Justin Huff
|
0-0: Intentional Walk
|
|
Pinch Hitting: RHB Greg Herzig
|
0-0: Ball 1-0: Ball 2-0: Ball 3-0: Base on Balls Justin Huff to second
|
|
Batting: RHB Mark Barger
|
0-0: Called Strike 0-1: SINGLE (Flyball, 4MD, EV 90.0 MPH) Jimmy Groseclose scores
|
| Bottom of the 12th over - 1 run, 2 hits, 0 errors, 2 left on base; Baltimore 2 - Miami 3 |
|